 Dungeon Crawl Stone Soup version 0.28-a0-845-gfc338a8e3c (webtiles) character file.

Game seed: 11590103986115144205

42 croobank the Sneak (level 3, -2/17 HPs)
             Began as a Felid Delver on Nov 12, 2021.
             Was an Initiate of Qazlal.
             Slain by a goblin (3 damage)
             ... on level 3 of the Dungeon.
             The game lasted 00:15:41 (1988 turns).

croobank the Sneak (Felid Delver)                   Turns: 1988, Time: 00:15:41

Health: -2/17      AC:  1    Str: 11    XL:     3   Next: 35%
Magic:  4/4        EV: 17    Int: 11    God:    Qazlal [......]
Gold:   54         SH:  0    Dex: 17    Spells: 1/2 levels left
                                        Lives:  0   Deaths: 0

rFire   . . .      SeeInvis +     - Unarmed
rCold   . . .      Faith    .   (shield unavailable)
rNeg    . . .      Spirit   .   (armour unavailable)
rPois   +          Reflect  .   (helmet unavailable)
rElec   .          Harm     .   (cloak unavailable)
rCorr   .          Rampage  .   (gloves unavailable)
Will    .....                   (boots unavailable)
Stlth   ++++......              (no amulet)
HPRegen 0.05/turn               (no ring)
MPRegen 0.09/turn               (no ring)

@: flying, quick
A: very small, claws 1, fangs 3, see invisible, speed 1, shaggy fur 1, stealthy
paws, no weapons or thrown items, no armour, multi-lived, horns 1, mutation
resistance 1, poison resistance, strong 1
a: Renounce Religion


You were on level 3 of the Dungeon.
You worshipped Qazlal.
Qazlal was noncommittal.
You visited 1 branch of the dungeon, and saw 5 of its levels.

You collected 54 gold pieces.

Inventory:

Wands
 e - a wand of digging (3)
Scrolls
 b - a scroll of magic mapping
 c - a scroll of enchant armour {unknown}
 d - a scroll of enchant weapon {unknown}
 f - a scroll of teleportation
Potions
 h - a potion of might
 j - a potion of heal wounds {unknown}


   Skills:
 + Level 3.1 Fighting
 + Level 2.9 Dodging
 + Level 7.5 Stealth
 + Level 2.5 Unarmed Combat


You had one spell level left.
You knew the following spells:

 Your Spells              Type           Power      Damage    Failure   Level
a - Magic Dart            Conj           0%         1d3       34%         1

Your spell library contained the following spells:

 Spells                   Type           Power      Damage    Failure   Level
 Searing Ray              Conj           0%         2d4       47%         2
 Dazzling Flash           Conj/Hex       0%         N/A       71%         3
 Fulminant Prism          Conj/Hex       0%         3d6       98%         4
 Agony                    Necr           0%         N/A       100%        5
 Silence                  Hex/Air        0%         N/A       100%        5


Dungeon Overview and Level Annotations

Branches:
Dungeon (5/15)
 Temple: D:4-7

Altars:
Qazlal

Annotations:
D:2 Natasha
D:5 Ijyb


Innate Abilities, Weirdness & Mutations

You have sharp claws.
You have razor-sharp teeth.
You have supernaturally acute eyesight. (SInv)
You cover ground quickly. (Speed+)
You are covered in fur. (AC +1)
Your paws help you pounce on unaware monsters.
You are incapable of wielding weapons or throwing items.
You cannot wear armour.
You gain extra lives every three experience levels.
You have a pair of small horns on your head.
You are somewhat resistant to further mutation.
Your system is resistant to poisons. (rPois)
Your muscles are strong. (Str +2)


Message History

The hobgoblin is severely wounded.
Natasha mumbles some strange words.
Natasha glows brightly for a moment.
The hobgoblin barely misses you.
The frilled lizard unfolds its giant frill.
The goblin closely misses you. The hobgoblin closely misses you.
You climb downwards.
You hear the sound of rushing water.
There is an entrance to a sewer on this level.
Hurry and find it before the portal rusts away!
The walls and floor vibrate strangely for a moment.
There is a stone staircase leading up here.
Okay, then.
It was a potion of curing.
You feel better. The goblin hits you with a +0 dagger.
The hobgoblin completely misses you.
You barely miss the hobgoblin.
The goblin shouts!
You headbutt the hobgoblin.
You kill the hobgoblin!
Qazlal accepts your kill.
The goblin drinks a potion.
The goblin seems to grow stronger.
As you read the scroll of fog, it crumbles to dust.
The scroll dissolves into smoke.
The adder closely misses you. The adder bites you.
* * * LOW HITPOINT WARNING * * *
The goblin hits you with a +0 dagger.
* * * LOW HITPOINT WARNING * * *
Your magical contamination has completely faded away.
The adder barely misses you.
The adder hisses angrily.
You closely miss the adder. The adder misses you. The adder barely misses you.
The goblin closely misses you. The adder bites you.
* * * LOW HITPOINT WARNING * * *
The adder barely misses you.
Okay, then.
It was a potion of flight.
You feel very buoyant.
You fly up into the air.
The adder barely misses you. The adder bites you.
* * * LOW HITPOINT WARNING * * *
The goblin hits you with a +0 dagger.
You die...

#######
#§§§gS#####
#§§§S@§...#
#§§§g§###.#
#§§§§.#
#.....#
#.....#
#######


You could see 2 adders and 2 goblins.

Vanquished Creatures
  A dart slug (D:1)
  2 ball pythons (D:1)
  7 bats
  2 endoplasms
  2 giant cockroaches
  5 goblins (D:1)
  5 hobgoblins
  3 kobolds (D:1)
  3 quokkas (D:1)
  2 frilled lizards
  2 rats
34 creatures vanquished.

Notes
Turn   | Place    | Note
-------+----------+-------------------------------------------
     0 | D:5      | croobank the Felid Delver began the quest for the Orb.
     0 | D:5      | Reached XP level 1. HP: 10/10 MP: 2/2
    30 | D:5      | Noticed Ijyb
    73 | D:5      | Noticed a hound
   543 | D:1      | Reached skill level 7 in Stealth
   543 | D:1      | Reached XP level 2. HP: 11/14 MP: 3/3
   670 | D:1      | Gained mutation: Your system is resistant to poisons.
                  | (rPois) [potion of mutation]
   670 | D:1      | Gained mutation: You have a pair of small horns on your
                  | head. [potion of mutation]
   670 | D:1      | Gained mutation: Your muscles are strong. (Str +2) [potion
                  | of mutation]
   670 | D:1      | Gained mutation: You are somewhat resistant to further
                  | mutation. [potion of mutation]
   791 | D:1      | Found a faded altar of an unknown god.
   902 | D:1      | Learned a level 1 spell: Magic Dart
  1455 | D:1      | Reached XP level 3. HP: 17/17 MP: 4/4
  1690 | D:2      | Found a stormy altar of Qazlal.
  1703 | D:2      | Became a worshipper of Qazlal Stormbringer
  1808 | D:2      | Noticed Natasha
  1988 | D:3      | Slain by a goblin

Illustrated notes

Levels and vault maps discovered:
D:1:      dpeg_arrival_tiny_i, layout_basic, basic_ecumenical_altar
D:2:      layout_rooms, basic_altar, minmay_misc_feat_square, uniq_natasha
D:3:      layout_basic, portal_sewer_entry_b, grunt_decor_junction, uniq_robin
D:4:      layout_cave_pods, minmay_temple_entry_gardened_gates
D:5:      layout_loops_corners, lemuel_round_altar, serial_shops,
          nicolae_shop_stone, minivault_24, uniq_blork_the_orc, uniq_pikel,
          uniq_ijyb

Skill      XL: |  1 |
---------------+----+-----
Stealth        | 7 |  7.5
Fighting       | |  3.1
Dodging        | |  2.9
Unarmed Combat | |  2.5

Action                   || total
-------------------------++-------
Melee: Unarmed           ||    73
       Bite              ||     5
       Headbutt          ||     8
 Cast: Magic Dart        ||     2
  Use: Scroll            ||     6
       Potion            ||     4
 Stab: Sleeping          ||     9
Armor: Skin              ||     4
Dodge: Dodged            ||    52

Table legend: (Time is in decaauts)
 A = Elapsed time spent in this place.
 B = Non-inter-level travel time spent in this place.
 C = Inter-level travel time spent in this place.
 D = Time resting spent in this place.
 E = Time spent auto-exploring this place.
 F = Levels seen in this place.
 G = Mean time per level.
                   A        B        C        D        E       F      G
               +--------+--------+--------+--------+--------+-----+--------+
         Total |   1786 |   1786 |      0 |    706 |    628 |   5 |  357.2 |
       Dungeon |   1786 |   1786 |      0 |    706 |    628 |   5 |  357.2 |
               +--------+--------+--------+--------+--------+-----+--------+

Top non-repeatable levels by time:
     D:1: 1304 daAuts
     D:3: 207 daAuts
     D:2: 166 daAuts
     D:5: 78 daAuts
     D:4: 29 daAuts
